AoeStats
← AMC to the sun

Fortress

507605545Analyzed
4v4 RM · 13d ago on Sep 19, 2026· 60m 40s· 8 players
Game mode
Random Map
Map size
Huge
Population
200
Speed
Normal
Resources
Standard
Victory
Conquest
Starting age
Dark Age
Ending age
Imperial Age
RankedLock teamsTeams togetherTeam positionsShared explorationLock speedFull tech treeHidden civsTurbo modeCheats
Victory
Defeat
🇺🇸 Vietnamese · United States
1208
+9
🇨🇱 Persians · Chile
1050
+16
🇨🇱 Japanese · Chile
1006
+17
🇺🇸 Lithuanians · United States
913
+21
🇺🇸 Turks · United States
1081
-18
🇺🇸 Tatars · United States
1030
-15
🇬🇧 Georgians · United Kingdom
1026
-15
🇮🇳 Slavs · India
1024
-15
AMC to the moon
8:03 Feudal Age
9:13 Loom
9:17 Double-Bit Axe
12:19 Castle Age
10:05 Horse Collar
13:24 Bow Saw
13:16 Heavy Plow
14:31 Wheelbarrow
16:07 Town Watch
17:56 Hand Cart
19:35 Stone Mining
20:34 Fletching
22:09 Bodkin Arrow
22:34 Fortified Wall
23:03 Gold Mining
23:01 Pikeman
23:42 Squires
26:18 Caravan
26:53 Ballistics
29:54 Imperial Age
29:11 Padded Archer Armor
31:38 Chemistry
30:22 Treadmill Crane
30:44 Bracer
31:03 Leather Archer Armor
30:51 Scale Mail Armor
31:02 Forging
31:01 Thumb Ring
31:49 Coinage
30:59 Halberdier
33:02 Two-Man Saw
33:16 Ring Archer Armor
34:42 Siege Engineers
35:28 Chain Mail Armor
35:49 Iron Casting
38:16 Banking
38:45 Crop Rotation
39:06 Plate Mail Armor
38:31 Capped Ram
45:45 Scale Barding Armor
48:03 Chain Barding Armor
47:07 Elite Battle Elephant
47:53 Husbandry
48:04 Bloodlines
48:19 Paper Money
48:00 Chatras
50:18 Plate Barding Armor
49:58 Guilds
50:11 Bombard Tower
49:48 Murder Holes
49:39 Arrowslits
54:22 Spies/Treason
54:59 Light Cavalry
58:11 Cavalier
61:04 Hoardings
59:51 Elite Rattan Archer
60:04 Sappers
AMC to the sun
1:30 Loom
6:48 Feudal Age
7:54 Feudal Age
10:14 Double-Bit Axe
13:00 Castle Age
12:54 Wheelbarrow
18:06 Bow Saw
18:36 Scale Barding Armor
18:46 Forging
18:34 Fletching
22:33 Hand Cart
28:32 Bloodlines
28:23 Husbandry
29:19 Caravan
33:13 Bodkin Arrow
33:54 Iron Casting
33:40 Chain Barding Armor
37:58 Imperial Age
38:28 Elite Leitis
42:16 Plate Barding Armor
41:42 Scale Mail Armor
41:43 Bracer
danieleduka
6:56 Feudal Age
5:15 Loom
11:13 Castle Age
9:27 Double-Bit Axe
14:32 Horse Collar
17:08 Wheelbarrow
18:28 Heavy Plow
19:28 Bow Saw
25:17 Imperial Age
26:46 Hand Cart
26:16 Town Watch
27:56 Forging
27:52 Scale Barding Armor
28:43 Gold Mining
28:44 Stone Mining
30:24 Gold Shaft Mining
31:01 Stone Shaft Mining
29:49 Pikeman
30:15 Elite War Elephant
31:33 Iron Casting
33:35 Blast Furnace
32:55 Chain Barding Armor
33:19 Crop Rotation
45:02 Two-Man Saw
48:52 Plate Barding Armor
57:43 Spies/Treason
RelyingMarlin25
8:08 Feudal Age
6:56 Loom
8:55 Double-Bit Axe
10:21 Horse Collar
14:14 Castle Age
13:38 Forging
14:59 Gold Mining
17:38 Gold Shaft Mining
22:01 Scale Mail Armor
26:31 Chain Mail Armor
26:52 Iron Casting
26:07 Arson
26:23 Squires
35:55 Iron Casting
39:41 Elite Skirmisher
42:41 Fletching
42:52 Padded Archer Armor
44:01 Wheelbarrow
46:37 Imperial Age
45:04 Bow Saw
48:00 Town Watch
49:29 Blast Furnace
49:00 Plate Mail Armor
49:54 Town Patrol
50:08 Capped Ram
51:13 Elite Samurai
52:23 Heavy Plow
54:51 Hand Cart
The Rock
6:47 Feudal Age
7:15 Feudal Age
12:09 Castle Age
10:06 Double-Bit Axe
10:16 Horse Collar
26:46 Imperial Age
25:11 Town Watch
25:13 Loom
26:03 Wheelbarrow
26:02 Gold Mining
26:27 Bow Saw
26:09 Stone Mining
26:22 Town Patrol
27:03 Hand Cart
27:22 Ballistics
26:45 Treadmill Crane
28:34 Conscription
28:29 Forging
28:25 Scale Barding Armor
28:46 Guard Tower
29:17 Ballistics
30:51 Iron Casting
30:37 Chain Barding Armor
30:33 Capped Ram
32:17 Husbandry
32:27 Bloodlines
31:45 Siege Ram
32:08 Elite Monaspa
32:53 Svan Towers
33:43 Keep
33:02 Fletching
34:13 Blast Furnace
34:45 Aznauri Cavalry
37:05 Stone Shaft Mining
37:08 Hoardings
36:04 Sappers
36:30 Bodkin Arrow
36:36 Murder Holes
36:47 Siege Engineers
36:29 Arrowslits
40:02 Masonry
39:55 Bracer
40:31 Plate Barding Armor
44:39 Architecture
44:21 Fortified Wall
who
8:10 Feudal Age
12:44 Castle Age
11:03 Double-Bit Axe
11:50 Horse Collar
12:36 Gold Mining
14:19 Wheelbarrow
15:20 Padded Archer Armor
16:29 Bow Saw
19:49 Hand Cart
21:20 Town Watch
22:45 Leather Archer Armor
26:18 Imperial Age
24:10 Town Watch
24:36 Scale Barding Armor
24:42 Forging
24:54 Ballistics
24:47 Masonry
25:59 Fletching
26:31 Chain Barding Armor
27:34 Conscription
30:26 Bloodlines
31:39 Loom
35:16 Town Patrol
36:52 Husbandry
39:50 Bloodlines
oKC CHIEFS FANo
8:36 Feudal Age
9:28 Double-Bit Axe
9:26 Horse Collar
13:29 Castle Age
12:19 Forging
12:18 Scale Barding Armor
14:54 Bow Saw
20:13 Chain Barding Armor
24:00 Iron Casting
26:39 Padded Archer Armor
28:40 Fletching
30:07 Fortified Wall
31:16 Bloodlines
31:07 Husbandry
31:09 Loom
31:10 Town Watch
31:48 Bodkin Arrow
32:32 Ballistics
37:45 Wheelbarrow
43:10 Imperial Age
vibhuyasha
0:35 Loom
7:58 Feudal Age
12:25 Castle Age
10:24 Horse Collar
10:50 Double-Bit Axe
16:53 Detinets
23:06 Wheelbarrow
23:43 Scale Barding Armor
24:50 Chain Barding Armor
25:12 Heavy Plow
30:14 Imperial Age
28:09 Bloodlines
27:59 Husbandry
28:12 Forging
28:55 Hand Cart
29:50 Scale Mail Armor
30:25 Iron Casting
29:55 Squires
29:16 Man-at-Arms
31:02 Chain Mail Armor
31:30 Conscription
31:11 Druzhina
31:52 Fortified Wall
32:43 Chemistry
32:06 Ballistics
32:51 Blast Furnace
31:15 Long Swordsman
33:04 Plate Barding Armor
31:51 Two-Handed Swordsman
32:43 Champion
33:55 Plate Mail Armor
37:05 Elite Boyar
38:38 Elite Boyar
Connection lost

Rejoining the realm…

Still unreachable

The connection could not be restored.

Session expired

The server has moved on; the page needs a fresh start.